 Dungeon Crawl Stone Soup version 0.23.2-30-g0e89c35649 (webtiles) character file.

Game seed: 15668997216497530805

2450 lepoulpe303 the Covert (level 9, -3/42 HPs)
             Began as a Spriggan Enchanter on June 14, 2019.
             Was an Initiate of Gozag.
             Killed from afar by an electric eel (11 damage)
             ... with a bolt of electricity
             ... in a bailey.
             The game lasted 00:36:44 (9680 turns).

lepoulpe303 the Covert (Spriggan Enchanter)         Turns: 9680, Time: 00:36:45

Health: -3/42      AC:  2    Str:  4    XL:     9   Next: 25%
Magic:  16/18      EV: 25    Int: 20    God:    Gozag
Gold:   720        SH: 11    Dex: 16    Spells: 6/18 levels left

rFire    . . .     SeeInvis +   b - +0 short sword
rCold    . . .     Gourm    .   l - +0 buckler
rNeg     . . .     Faith    .   p - +0 robe
rPois    .         Spirit   .   (helmet restricted)
rElec    .         Reflect  +   (no cloak)
rCorr    .         Harm     .   (gloves unavailable)
MR       +....     Rnd*Tele +   (boots unavailable)
Stlth    ++++......             z - +5 amulet of reflection
HPRegen  0.14/turn              k - ring of teleportation (curse)
MPRegen  0.16/turn              A - +5 ring of evasion

@: very quick
A: very small, unfitting armour, see invisible, herbivore, speed 3, slow
metabolism 2
a: Potion Petition, Call Merchant, Bribe Branch, Renounce Religion


You were in a bailey.
You worshipped Gozag.
Gozag was pleased with you.
You were hungry.

You visited 2 branches of the dungeon, and saw 9 of its levels.
You also visited: Bailey.

You collected 752 gold pieces.
You paid 32 gold pieces to Gozag.

Inventory:

Hand Weapons
 a - a +1 dagger
 b - a +0 short sword (weapon)
Missiles
 n - 19 poisoned needles
 s - 2 throwing nets {=f}
 Q - 145 stones (quivered)
Armour
 l - a +0 buckler (worn)
 p - a +0 robe (worn)
Magical Staves
 B - an uncursed staff of death {unknown}
Jewellery
 k - a cursed ring of teleportation (left hand)
 z - a +5 amulet of reflection (around neck)
 A - a +5 ring of evasion (right hand)
 R - an uncursed amulet of regeneration
Wands
 h - a wand of iceblast (9)
 C - a wand of disintegration (12)
Scrolls
 c - 3 scrolls of blinking {unknown}
 f - a scroll of fog
 i - 2 scrolls of identify
 j - a scroll of remove curse {unknown}
 m - a scroll of immolation {unknown}
 r - a scroll of noise {unknown}
 t - 6 scrolls of teleportation
 w - a scroll of magic mapping {unknown}
 y - 2 scrolls of enchant armour {unknown}
 D - a scroll of fear {unknown}
Potions
 d - 2 potions of lignification {unknown}
 g - a potion of degeneration {unknown}
 o - 3 potions of heal wounds {unknown}
 q - 2 potions of curing
 u - a potion of resistance {unknown}
 v - 2 potions of agility {unknown}
 x - a potion of brilliance {unknown}
Comestibles
 e - 17 rations


   Skills:
 + Level 2.0 Fighting
 + Level 6.0 Short Blades
 + Level 5.0 Dodging
 + Level 9.2 Stealth
 + Level 3.0 Shields
 + Level 5.3 Spellcasting
 + Level 9.1 Hexes


You had 6 spell levels left.
You knew the following spells:

 Your Spells              Type           Power        Failure   Level  Hunger
a - Ensorcelled Hibernat  Hex/Ice        ###...       3%          2    None
b - Tukima's Dance        Hex            #####...     1%          3    ##.....
c - Confuse               Hex            #####...     1%          3    ##.....
d - Dazzling Spray        Conj/Hex       ###...       7%          3    ##.....
v - Corona                Hex            #####..      1%          1    None

Your spell library contained the following spells:

 Spells                   Type           Power        Failure   Level  Hunger
 Confusing Touch          Hex            #####.       1%          1    None
 Animate Skeleton         Necr           N/A          14%         1    None
 Apportation              Tloc           #.....       14%         1    None
 Summon Small Mammal      Summ           #...         14%         1    None


Dungeon Overview and Level Annotations

Branches:
Dungeon (8/15)             Temple (1/1) D:4
   Lair: D:8-11

Altars:
Elyvilon
Gozag
Hepliaklqana
Kikubaaqudgha
Trog
Yredelemnul
The Shining One

Annotations:
D:5 Eustachio
D:8 3 runed translucent doors, shugdite's ghost, novice MiMo


Innate Abilities, Weirdness & Mutations

You are very small and have problems with some larger weapons.
You are too small for most types of armour.
You have supernaturally acute eyesight. (SInv)
You are a herbivore.
You cover ground extremely quickly.
You need to consume almost no food.


Message History

Moving in this stuff is going to be slow.
An electric eel comes into view.
The electric eel shoots out a bolt of lightning at you!
The bolt of electricity hits you!
You take 13 damage, and have 29/42 hp.
MASSIVE DAMAGE!!
You regained 6 mp, and now have 16/18 mp.
The electric eel shoots out a bolt of lightning at you!
The bolt of electricity hits you!
* * * LOW HITPOINT WARNING * * *
The bolt of electricity hits you!
* * * LOW HITPOINT WARNING * * *
You take 21 damage, and have 8/42 hp.
MASSIVE DAMAGE!!
You open the door.
A gnoll and an orc knight come into view.
The electric eel shoots out a bolt of lightning at you!
The bolt of electricity hits you!
You die...
Your body crumbles into a pile of gold.

≈≈≈≈≈≈≈≈≈≈≈≈≈≈≈
≈≈≈≈≈≈≈≈≈≈≈≈≈≈≈
≈≈≈≈≈≈≈≈≈≈≈≈≈≈≈
≈≈≈≈≈≈;≈≈≈≈≈≈≈≈
≈≈≈≈≈≈≈≈≈≈≈≈≈≈≈
≈≈≈≈≈≈≈≈≈≈≈≈≈≈≈
≈≈≈≈≈≈≈≈≈≈≈≈≈≈≈
≈≈≈≈≈≈≈≈≈####
........@'..#$
##+#######..#
.og#≈≈≈ ..#≈≈≈≈≈#
###≈≈≈≈≈# #.≈≈≈≈≈≈#
#.≈≈≈≈≈.#####
####++#.≈≈≈≈≈......
#.....#.≈≈≈≈≈......


You could see an orc knight (sleeping), an electric eel and a gnoll (sleeping).

Levels and vault maps discovered:
D:1:      psy_arrival_fountain, layout_loops_ring
D:2:      layout_rooms, first_ration, elyvilon_altar_5
D:3:      layout_rooms, nicolae_overflow_hidden_temple, roderic_lattice_a,
          uniq_sigmund
D:4:      layout_loops_ring, minmay_temple_entry_glass
D:5:      layout_gridville, kiku_gazebo_garden_becter, uniq_eustachio,
          uniq_menkaure
D:6:      layout_basic, old_standard_altar, dk_vineyard_2, trog_butcher_becter
D:7:      layout_basic
D:8:      layout_basic, enter_bailey_2, serial_shops, kennysheep_mini,
          ebering_ghost_rock_garden, uniq_joseph
Temple:   minmay_crystal_spiral_temple
Bailey:   bailey_axe_of_yendor_kennysheep, bailey

Notes
Turn   | Place    | Note
-------+----------+-------------------------------------------
     0 | D:1      | lepoulpe303 the Spriggan Enchanter began the quest for the
                  | Orb.
     0 | D:1      | Reached XP level 1. HP: 9/9 MP: 5/5
   284 | D:1      | Identified a +0 whip
   328 | D:1      | HP: 2/9 [jackal (2)]
   520 | D:1      | HP: 2/9 [kobold/+0 whip (5)]
   810 | D:1      | Reached skill level 5 in Stealth
   810 | D:1      | Reached XP level 2. HP: 6/13 MP: 6/6
   822 | D:1      | Learned a level 2 spell: Ensorcelled Hibernation
   838 | D:1      | Identified a +0 robe
  1057 | D:1      | Identified a +0 club
  1076 | D:1      | Reached skill level 2 in Short Blades
  1314 | D:1      | Identified a +0 club
  1340 | D:1      | HP: 2/13 [hobgoblin/+0 club (3)]
  1668 | D:1      | Identified 4 scrolls of teleportation
  1814 | D:1      | Reached XP level 3. HP: 14/16 MP: 8/8
  1819 | D:1      | Learned a level 3 spell: Confuse
  1935 | D:2      | Identified a +0 club
  2004 | D:2      | Identified a +0 club
  2508 | D:2      | Reached skill level 6 in Stealth
  2525 | D:2      | Reached skill level 3 in Short Blades
  2610 | D:2      | Found a white marble altar of Elyvilon.
  2611 | D:2      | Identified a +0 dagger
  2614 | D:2      | Identified a +0 club
  2647 | D:2      | Reached XP level 4. HP: 18/21 MP: 9/9
  2669 | D:2      | Identified a +0 club
  2883 | D:3      | Identified a +4 scythe of venom
  2883 | D:3      | Identified a +0 robe
  2883 | D:3      | Noticed Sigmund
  2884 | D:3      | Identified a +0 war axe
  2892 | D:3      | Identified a +0 short sword
  2895 | D:3      | Killed Sigmund
  2895 | D:3      | Reached skill level 4 in Short Blades
  2895 | D:3      | Reached skill level 7 in Stealth
  2895 | D:3      | Reached XP level 5. HP: 13/24 MP: 4/10
  2899 | D:2      | Identified a potion of curing
  2905 | D:2      | HP: 4/24 [kobold (3)]
  2905 | D:2      | HP: 1/24 [jackal (3)]
  3221 | D:3      | Identified a +0 dagger
  3226 | D:2      | HP: 4/24 [hobgoblin (4)]
  3700 | D:3      | Reached skill level 8 in Stealth
  3700 | D:3      | Reached XP level 6. HP: 21/28 MP: 2/11
  3859 | D:2      | Learned a level 3 spell: Tukima's Dance
  4184 | D:3      | Reached skill level 5 in Short Blades
  4228 | D:3      | Identified a +0 club
  4228 | D:3      | Identified a +0 hunting sling
  4230 | D:3      | Identified a +0 leather armour
  4319 | D:3      | Identified a +0 club
  4382 | D:3      | Identified a +0 club
  4413 | D:3      | Identified a +0 whip
  4557 | D:3      | Identified a +0 club
  4659 | D:3      | Identified a +1 dagger
  4872 | D:4      | Reached skill level 3 in Spellcasting
  4878 | D:4      | Found a staircase to the Ecumenical Temple.
  4878 | D:4      | Identified a +0 giant club
  4887 | D:4      | Reached skill level 1 in Shields
  4887 | D:4      | Reached skill level 4 in Hexes
  4894 | Temple   | Entered the Ecumenical Temple
  4908 | Temple   | Became a worshipper of Gozag Ym Sagoz the Greedy
  5532 | D:5      | Entered Level 5 of the Dungeon
  5578 | D:5      | Reached XP level 7. HP: 27/32 MP: 6/13
  5600 | D:5      | Learned a level 3 spell: Dazzling Spray
  5617 | D:5      | Identified a +0 shortbow
  5640 | D:5      | HP: 2/32 [centaur/arrow (14)]
  6027 | D:5      | Found an ancient bone altar of Kikubaaqudgha.
  6049 | D:5      | Reached skill level 4 in Spellcasting
  6086 | D:5      | Identified a +0 leather armour
  6109 | D:5      | Identified a +0 rapier
  6109 | D:5      | Identified a +0 leather armour
  6109 | D:5      | Noticed Eustachio
  6192 | D:5      | Reached skill level 5 in Hexes
  6356 | D:5      | Noticed Menkaure
  6557 | D:5      | Reached skill level 2 in Shields
  6578 | D:5      | Identified a +0 giant club
  6722 | D:5      | Reached skill level 6 in Hexes
  6809 | D:5      | Identified a +0 short sword
  6809 | D:5      | Identified a +0 leather armour
  6809 | D:5      | Identified a +0 flail
  6811 | D:5      | Identified a +0 dagger
  6811 | D:5      | Identified a +0 robe
  6811 | D:5      | Identified a +0 trident
  6811 | D:5      | Identified a +0 ring mail
  6811 | D:5      | Identified a +0 chain mail
  6828 | D:5      | Reached skill level 7 in Hexes
  7246 | D:5      | Identified 3 scrolls of identify
  7246 | D:5      | Identified an amulet of regeneration (You found it on level
                  | 1 of the Dungeon)
  7248 | D:5      | Identified a ring of teleportation (You found it on level 1
                  | of the Dungeon)
  7249 | D:5      | Identified 2 scrolls of fog
  7286 | D:5      | Killed Menkaure
  7286 | D:5      | Reached XP level 8. HP: 22/36 MP: 8/15
  7863 | D:6      | Identified a +5 amulet of reflection
  8011 | D:6      | Found a glowing golden altar of the Shining One.
  8035 | D:6      | Found a bloodstained altar of Trog.
  8036 | D:6      | Identified a +0 war axe
  8036 | D:6      | Identified a cursed +0 animal skin
  8043 | D:6      | Reached skill level 8 in Hexes
  8049 | D:6      | Identified a +0 buckler (You found it on level 2 of the
                  | Dungeon)
  8443 | D:7      | Identified a +0 giant spiked club
  8461 | D:7      | Identified a ring of evasion (You found it on level 7 of
                  | the Dungeon)
  8506 | D:7      | Identified a +1 whip of venom
  8507 | D:7      | Identified a +0 halberd
  8508 | D:7      | Identified a +0 flail
  8519 | D:7      | Reached skill level 1 in Fighting
  8794 | D:7      | Identified a +0 shortbow
  9007 | D:7      | Noticed a hippogriff
  9021 | D:7      | Killed a hippogriff
  9021 | D:7      | Reached skill level 4 in Dodging
  9363 | D:8      | Identified a +0 giant club
  9369 | D:8      | Reached skill level 9 in Hexes
  9369 | D:8      | Reached XP level 9. HP: 41/41 MP: 12/17
  9373 | D:8      | Reached skill level 9 in Stealth
  9373 | D:8      | Reached skill level 5 in Spellcasting
  9452 | D:8      | Found a runed translucent gate.
  9453 | D:8      | Found a runed translucent gate.
  9453 | D:8      | Found a runed translucent gate.
  9455 | D:8      | Noticed shugdite's ghost (novice MiMo)
  9524 | D:8      | Found a flagged portal.
  9534 | Bailey   | Entered a bailey
  9549 | Bailey   | Identified a +0 hand axe
  9549 | Bailey   | Identified a +0 leather armour
  9549 | Bailey   | Identified a +0 hand axe
  9549 | Bailey   | Identified a +0 leather armour
  9549 | Bailey   | Identified a +0 hand axe
  9549 | Bailey   | Identified a +0 ring mail
  9549 | Bailey   | Identified a +0 hand axe
  9549 | Bailey   | Identified a +0 leather armour
  9549 | Bailey   | Identified a cursed -1 war axe
  9549 | Bailey   | Identified a +0 plate armour
  9571 | Bailey   | Reached skill level 2 in Fighting
  9586 | Bailey   | Reached skill level 6 in Short Blades
  9586 | Bailey   | Reached skill level 5 in Dodging
  9586 | Bailey   | Reached skill level 3 in Shields
  9679 | Bailey   | HP: 8/42 [electric eel/bolt of electricity (8)]
  9680 | Bailey   | Identified a +0 battleaxe
  9680 | Bailey   | Identified a +0 scale mail
  9680 | Bailey   | Noticed an orc knight
  9680 | Bailey   | Identified a +0 hand axe
  9680 | Bailey   | Identified a +0 leather armour
  9680 | Bailey   | Killed from afar by an electric eel

Table legend:
 A = Turns spent in this place as a percentage of turns spent in the entire game.
 B = Non-inter-level travel turns spent in this place as a percentage of non-inter-level travel turns spent in the entire game.
 C = Inter-level travel turns spent in this place as a percentage of turns spent in this place.
 D = Turns resting spent in this place as a percentage of non-inter-level travel turns spent in this place.
 E = Turns spent auto-exploring this place as a percentage of non-inter-level travel turns spent in this place.
 F = Non-inter-level travel turns spent in this place divided by the number of levels of this place that you've seen.
                   A       B       C       D       E      F
               +-------+-------+-------+-------+-------+----------------------
         Total | 100.0 | 100.0 |   5.7 |  36.1 |  37.6 | 913.1
       Dungeon |  98.2 |  98.2 |   5.6 |  35.8 |  38.2 | 1121.2
        Temple |   0.3 |   0.2 |  46.4 |   0.0 |  40.0 |  15.0
        Bailey |   1.5 |   1.6 |   0.0 |  58.2 |   0.0 | 146.0
               +-------+-------+-------+-------+-------+----------------------

Table legend:
 A = Kills in this place as a percentage of kills in entire the game.
 B = Kills by you in this place as a percentage of kills by you in the entire game.
 C = Kills by friends in this place as a percentage of kills by friends in the entire game.
 D = Other kills in this place as a percentage of other kills in the entire game.
 E = Experience gained in this place as a percentage of experience gained in the entire game.
 F = Experience gained in this place divided by the number of levels of this place that you have seen.
                   A       B       C       D       E      F
               +-------+-------+-------+-------+-------+----------------------
         Total | 100.0 | 100.0 |   N/A | 100.0 | 100.0 | 350.0
       Dungeon |  96.5 |  97.1 |   N/A |   0.0 |  92.1 | 403.1
        Bailey |   3.5 |   2.9 |   N/A | 100.0 |   7.9 | 275.0
               +-------+-------+-------+-------+-------+----------------------

Skill      XL: |  1  2  3  4  5  6  7  8  9 |
---------------+----------------------------+-----
Stealth        | 5 6 7 8 9 |  9.2
Short Blades   | 2 3 4 5 6 |  6.0
Spellcasting   | 3 4 5 |  5.3
Shields        | 1 2 3 |  3.0
Hexes          | 4 7 9 |  9.1
Fighting       | 1 2 |  2.0
Dodging        | 4 5 |  5.0

Action                   |  1- 3 |  4- 6 |  7- 9 || total
-------------------------+-------+-------+-------++-------
Melee: Dagger            |   273 |   254 |    18 ||   545
       Short sword       |       |       |   238 ||   238
 Cast: Corona            |     2 |       |       ||     2
       Ensorcelled Hiber |     4 |    27 |    31 ||    62
       Confuse           |       |     4 |    11 ||    15
       Dazzling Spray    |       |       |     1 ||     1
  Use: Scroll            |     1 |       |     3 ||     4
       Potion            |       |     1 |       ||     1
 Stab: Sleeping          |     8 |    22 |    31 ||    61
       Confused          |       |     1 |     8 ||     9
       Distracted        |       |     1 |     2 ||     3
       Invisible         |       |       |     1 ||     1
  Eat: Ration            |       |     3 |     2 ||     5
Armor: Robe              |    16 |    30 |     5 ||    51
Dodge: Dodged            |   231 |   279 |   171 ||   681
Block: Buckler           |       |       |    32 ||    32
       Reflection        |       |       |     1 ||     1

Vanquished Creatures
  2 hippogriffs
  Sigmund (D:3)
  Menkaure (D:5)
  3 orc warriors
  2 ice beasts
  A sky beast (D:7)
  4 ogres
  2 centaurs
  2 bullfrogs (D:8)
  2 howler monkeys
  A crimson imp (D:6)
  A jelly (D:5)
  An orc priest (D:3)
  A hound (D:7)
  4 iguanas
  An orc wizard (D:5)
  4 worker ants
  3 gnolls (D:7)
  6 adders
  2 howler monkey skeletons
  A shadow imp (D:5)
  An ooze (D:2)
  An adder skeleton (D:4)
  A worm (D:2)
  A dart slug (D:1)
  6 leopard geckos
  10 orcs
  A ball python (D:1)
  11 bats
  5 giant cockroaches
  6 goblins
  14 hobgoblins
  17 jackals
  8 quokkas
  5 frilled lizards
  5 kobolds
  2 leopard gecko skeletons
  2 rats
141 creatures vanquished.
